 Dungeon Crawl Stone Soup version 0.29.1-2-gbd0b4ee654 (webtiles) character file.

Game seed: 10778952127399986929

30 Du3lingdragon the Caller (level 3, 0/24 HPs)
             Began as a Barachi Summoner on Nov 5, 2022.
             Slain by an adder (3 damage)
             ... on level 2 of the Dungeon.
             The game lasted 00:03:23 (1605 turns).

Du3lingdragon the Caller (Barachi Summoner)         Turns: 1605, Time: 00:03:23

Health: 0/24       AC:  5    Str:  9    XL:     3   Next: 20%
Magic:  4/7        EV: 10    Int: 17    God:
Gold:   62         SH:  0    Dex: 12    Spells: 2/8 levels left

rFire   . . .      SeeInvis .   d - +0 whip
rCold   + . .      Faith    .   (no shield)
rNeg    . . .      Spirit   .   e - +0 ring mail
rPois   .          Reflect  .   (no helmet)
rElec   .          Harm     .   (no cloak)
rCorr   .          Rampage  .   (no gloves)
Will    .....                   (no boots)
Stlth   +.........              (no amulet)
HPRegen 0.08/turn               g - ring of protection from cold
MPRegen 0.10/turn               (no ring)

@: mighty, lethally poisoned (0 -> -4), unable to hop, slow
A: amphibious, slowness 1, strong legs 1, +LOS
a: Hop


You were on level 2 of the Dungeon.
You visited 1 branch of the dungeon, and saw 2 of its levels.

You collected 62 gold pieces.

Inventory:

Hand Weapons
 d - a +0 whip (weapon)
Armour
 a - a +0 robe
 e - a +0 ring mail (worn)
Jewellery
 g - a ring of protection from cold (left hand)
Scrolls
 f - a scroll of fear {unknown}
 h - a scroll of identify
 j - a scroll of magic mapping
 k - a scroll of poison {unknown}
Potions
 b - a potion of magic


   Skills:
 - Level 2.1 Dodging
 - Level 1.7 Stealth
 * Level 3.3 Spellcasting
 + Level 5.2 Summonings


You had 2 spell levels left.
You knew the following spells:

 Your Spells              Type           Power      Damage    Failure   Level
a - Summon Small Mammal   Summ           80%        N/A       5%          1
b - Call Imp              Summ           20%        N/A       9%          2
c - Call Canine Familiar  Summ           20%        N/A       17%         3

Your spell library contained the following spells:

 Spells                   Type           Power      Damage    Failure   Level
 Summon Guardian Golem    Hex/Summ       11%        N/A       43%         3
 Summon Lightning Spire   Summ/Air       11%        N/A       85%         4


Dungeon Overview and Level Annotations

Branches:
Dungeon (2/15)

Altars:


Innate Abilities, Weirdness & Mutations

You are amphibious.
You cover ground slowly.
You can hop short distances.
You have an extended range of vision and can be seen from far away.


Message History

Your crimson imp blinks!
Casting: Call Imp (safe; 9% risk of failure)
Confirm with . or Enter, or press ? or * to list all spells.
You closely miss the adder.
The adder is heavily wounded.
The adder bites you but does no damage.
Your quokka barely misses the adder.
Your rat misses the adder. The adder bites you but does no damage.
You hit the adder.
The adder is severely wounded.
Your quokka barely misses the adder.
The adder barely misses you.
Your rat misses the adder. You closely miss the adder.
The adder is severely wounded.
The adder bites you.
* * * LOW HITPOINT WARNING * * *
You are lethally poisoned!
The adder poisons you!
Your quokka closely misses the adder.
Your crimson imp misses the adder.
Your rat barely misses the adder.
It was a potion of might.
You feel very mighty all of a sudden.
* * * LOW HITPOINT WARNING * * *
You feel sick.
Your quokka disappears in a puff of smoke!
The adder completely misses you.
Your crimson imp barely misses the adder.
Your rat closely misses the adder.
The adder closely misses you.
Okay, then.
You hit the adder.
The adder is almost dead.
* * * LOW HITPOINT WARNING * * *
You feel sick.
Your crimson imp completely misses the adder.
The adder closely misses you.
Your rat barely misses the adder.
Okay, then.
As you read the scroll labelled QYUL COARUA, it crumbles to dust.
It is a scroll of identify.
j - a scroll of magic mapping
* * * LOW HITPOINT WARNING * * *
You feel sick. The adder bites you.
You die...

###. ### ... ..#
####.####.###
#........... #
#.....#...#####.# .#
#.......).#...#.# .#
#.........#.....#..#
.######.#.5#.#.###..####
........@S.............
##########r#.....#...#
..................#
###.....>........##
#.####.####.#### #
#(....<.# #.......#
#.......# #.......#


You could see an adder (ally target), a friendly crimson imp (summoned) and a
friendly rat (summoned).

Vanquished Creatures
  A ball python (D:1)
  An endoplasm (D:1)
  8 goblins (D:1)
  2 hobgoblins (D:1)
  2 quokkas (D:1)
  A bat (D:1)
  2 frilled lizards (D:1)
  3 kobolds (D:1)
  3 rats (D:1)
23 creatures vanquished.

Vanquished Creatures (collateral kills)
  A ball python (D:1)
  A giant cockroach (D:1)
  2 frilled lizards (D:1)
  A goblin (D:1)
  A rat (D:1)
6 creatures vanquished.

Grand Total: 29 creatures vanquished

Notes
Turn   | Place    | Note
-------+----------+-------------------------------------------
     0 | D:1      | Du3lingdragon the Barachi Summoner began the quest for the
                  | Orb.
     0 | D:1      | Reached XP level 1. HP: 13/13 MP: 3/3
   381 | D:1      | Reached skill level 5 in Summonings
   381 | D:1      | Reached XP level 2. HP: 18/19 MP: 3/5
   457 | D:1      | Learned a level 2 spell: Call Imp
   480 | D:1      | Found a faded altar of an unknown god.
   962 | D:1      | Reached XP level 3. HP: 24/24 MP: 1/7
   966 | D:1      | Learned a level 3 spell: Call Canine Familiar
  1578 | D:2      | Identified the +5 short sword "Koumasus" {vorpal, rPois
                  | Str+4}
  1605 | D:2      | Slain by an adder

Illustrated notes

Levels and vault maps discovered:
D:1:      sevenhm_arrival_forest_fort_large_2, layout_loops_ring,
          hellmonk_ecumenical_altar_zigzags
D:2:      kennysheep_big_flooded_room, layout_basic, serial_shops, shop

Skill      XL: |  1  2 |
---------------+-------+-----
Summonings     | 5 |  5.2
Spellcasting   | 3 |  3.3
Dodging        | |  2.1
Stealth        | |  1.7

Action                   || total
-------------------------++-------
Melee: Whip              ||   131
 Cast: Summon Small Mamm ||    11
       Call Imp          ||     4
 Abil: Hop               ||     1
  Use: Potion            ||     2
       Scroll            ||     1
Armor: Ring mail         ||    59
Dodge: Dodged            ||    76
